 Dungeon Crawl Stone Soup version 0.21.1-1-g345015f (webtiles) character file.

375 Mgcat the Skirmisher (level 6, 0/57 HPs)
             Began as a Draconian Berserker on Feb 9, 2018.
             Was a Priest of Trog.
             Slain by Edmund
             ... wielding a +5 dire flail of holy wrath
              (16 damage)
             ... on level 4 of the Dungeon.
             The game lasted 00:05:36 (2367 turns).

Mgcat the Skirmisher (Draconian Berserker)          Turns: 2367, Time: 00:05:36

Health: 0/57       AC:  8    Str: 19    XL:     6   Next: 44%
Magic:  6/6        EV: 13    Int:  7    God:    Trog [***...]
Gold:   123        SH:  0    Dex: 13    Spells: 5/5 levels left

rFire    . . .     SeeInvis .   f - +3 spear
rCold    . . .     Gourm    .   (no shield)
rNeg     . . .     Faith    .   (armour unavailable)
rPois    .         Spirit   .   (helmet restricted)
rElec    .         Reflect  .   (no cloak)
rCorr    .         Harm     .   s - +0 pair of gloves
MR       .....                  h - +0 pair of boots
Stlth    +.........             (no amulet)
HPRegen  0.19/turn              (no ring)
MPRegen  0.10/turn              (no ring)

@: no status effects
A: unfitting armour, cold-blooded, AC +6
a: Berserk, Trog's Hand, Burn Spellbooks, Renounce Religion


You were on level 4 of the Dungeon.
You worshipped Trog.
Trog was most pleased with you.
You were not hungry.

You visited 1 branch of the dungeon, and saw 4 of its levels.

You collected 123 gold pieces.

Inventory:

Hand Weapons
 a - a +0 mace
 f - a +3 spear (weapon)
   (You found it on level 1 of the Dungeon)
Armour
 h - a +0 pair of boots (worn)
   (You found it on level 1 of the Dungeon)
 s - a +0 pair of gloves (worn)
   (You found it on level 3 of the Dungeon)
Wands
 n - a wand of iceblast (7)
   (You found it on level 2 of the Dungeon)
Scrolls
 d - a scroll of remove curse {unknown}
 e - a scroll of enchant armour {unknown}
 i - 2 scrolls of identify {unknown}
 k - a scroll of blinking {unknown}
 m - a scroll of teleportation {unknown}
 p - a scroll of enchant weapon {unknown}
Potions
 g - 2 potions of agility {unknown}
 j - 3 potions of might {unknown}
 l - a potion of ambrosia {unknown}
 o - a potion of lignification {unknown}
 q - a potion of resistance {unknown}
 r - 2 potions of heal wounds {unknown}
Comestibles
 b - 8 rations
 c - 2 chunks of flesh {@w0}


   Skills:
 + Level 6.1 Fighting
 + Level 5.5 Maces & Flails
 - Level 2.6 Dodging


You had 5 spell levels left.
You didn't know any spells.

Dungeon Overview and Level Annotations

Branches:
Dungeon (4/15)
 Temple: D:4-7

Altars:
Gozag

Shops:
D:4 *

Annotations:
D:4 Edmund, Natasha


Innate Abilities, Weirdness & Mutations

Your plain brown scales are hard. (AC +6)
You cannot fit into any form of body armour.
You are cold-blooded and may be slowed by cold attacks.


Message History

The jackal is heavily wounded.
The jackal barks!
You hear a bark!
The jackal bites you. The jackal barely misses you.
You are too injured to fight recklessly!
You are too injured to fight recklessly!
You are too injured to fight recklessly!
You are too injured to fight recklessly!
You are too injured to fight recklessly!
You closely miss the jackal.
You kill the jackal!
Trog accepts your kill.
You hit the jackal.
The jackal is moderately wounded.
The jackal misses you.
You puncture the jackal!
You kill the jackal!
Trog accepts your kill. The jackal misses you. The jackal barely misses you.
You barely miss the jackal.
You tail-slap the jackal, but do no damage.
The jackal closely misses you. x3
You puncture the jackal!
You kill the jackal!
Trog accepts your kill. The jackal completely misses you.
The jackal closely misses you.
You see here a jackal corpse.
The jackal barks! x2
You hit the jackal.
The jackal is almost dead.
You hear a bark!
The jackal bites you. x2
You barely miss the jackal.
Your tail-slap misses the jackal.
The jackal is almost dead.
The jackal misses you.
You hit the jackal.
You kill the jackal!
Trog accepts your kill. The jackal closely misses you. The jackal misses you.
The jackal bites you but does no damage.
Things that are here:
a chunk of flesh {@w0}; a jackal corpse x2
You hit the jackal.
The jackal is almost dead.
The jackal bites you but does no damage. x2
The jackal barely misses you.
You hit the jackal but do no damage.
The jackal is almost dead.
The jackal barely misses you. The jackal bites you. The jackal misses you.
You closely miss the jackal.
The jackal is almost dead.
The jackal bites you but does no damage.
The jackal misses you.
The jackal bites you but does no damage.
You hit the jackal but do no damage.
The jackal is almost dead.
The jackal bites you but does no damage. x2
The jackal completely misses you.
The jackal barks!
You hit the jackal.
You kill the jackal!
Trog accepts your kill.
You hear an angry hiss.
The jackal bites you but does no damage.
The jackal barely misses you.
You completely miss the jackal.
You kill the jackal!
Trog accepts your kill.
A bullfrog skeleton comes into view.
You see here a jackal corpse.
You see here a jackal corpse.
The jackal bites you but does no damage.
You see here a jackal corpse.
Edmund the Younger comes into view.
He is wielding a dire flail of holy wrath.
The jackal bites you but does no damage.
You see here a jackal corpse.
Edmund shouts!
You puncture the jackal!
You kill the jackal!
Trog accepts your kill.
You hit the bullfrog skeleton.
The bullfrog skeleton is lightly damaged.
The bullfrog skeleton hits you.
Edmund hits you with a dire flail of holy wrath.
You hit Edmund.
Edmund is lightly wounded.
The bullfrog skeleton closely misses you.
Natasha mumbles some strange words.
You feel troubled.
Edmund hits you with a dire flail of holy wrath!
Natasha howls an incantation.
Natasha glows brightly for a moment.
The bullfrog skeleton closely misses you.
Natasha casts a spell at you. The magic dart hits you!
The bullfrog skeleton hits you but does no damage.
There is a stone staircase leading up here.
The bullfrog skeleton hits you.
* * * LOW HITPOINT WARNING * * *
Edmund hits you with a dire flail of holy wrath!
You die...

##############
######@Zh.........
........@..........
#######...)..#.######
.........†........
#.#######.#†..####
.....###%%†.......
#..............
#.........PPP.#
#..........∩...


You could see Edmund, Natasha and a bullfrog skeleton.

Vanquished Creatures
  A phantom (D:3)
  A bullfrog skeleton (D:4)
  2 orc wizards (D:3)
  Robin (D:2)
  10 adders
  An ooze (D:2)
  A worm (D:2)
  A leopard gecko (D:2)
  6 orcs
  A ball python (D:1)
  5 bats
  A giant cockroach (D:1)
  7 hobgoblins
  22 jackals
  3 quokkas (D:2)
  7 frilled lizards
  12 goblins
  5 kobolds
  7 rats
94 creatures vanquished.

Notes
Turn   | Place    | Note
-------+----------+-------------------------------------------
     0 | D:1      | Mgcat the Draconian Berserker began the quest for the Orb.
     0 | D:1      | Reached XP level 1. HP: 19/19 MP: 1/1
    92 | D:1      | Reached XP level 2. HP: 20/26 MP: 2/2
   203 | D:1      | Reached skill level 4 in Fighting
   206 | D:1      | Reached ** piety under Trog
   233 | D:1      | Reached XP level 3. HP: 30/33 MP: 3/3
   718 | D:2      | Reached skill level 4 in Maces & Flails
   800 | D:2      | Reached XP level 4. HP: 41/41 MP: 4/4
  1116 | D:2      | Found an opulent altar of Gozag.
  1137 | D:2      | Noticed Robin
  1153 | D:2      | Killed Robin
  1435 | D:3      | Reached skill level 5 in Fighting
  1445 | D:3      | Reached XP level 5. HP: 44/48 MP: 5/5
  1508 | D:3      | Reached *** piety under Trog
  1839 | D:3      | Reached skill level 5 in Maces & Flails
  2127 | D:4      | Noticed Natasha
  2127 | D:4      | Noticed a phantom
  2173 | D:3      | Killed a phantom
  2173 | D:3      | Reached XP level 6. HP: 24/57 MP: 6/6
  2301 | D:4      | Reached skill level 6 in Fighting
  2307 | D:4      | Found Zaxzugg's Assorted Antiques.
  2358 | D:4      | Noticed Edmund
  2367 | D:4      | Slain by Edmund

Skill      XL: |  1  2  3  4  5  6 |
---------------+-------------------+-----
Fighting       | 4 5 6 |  6.1
Maces & Flails | 4 5 |  5.5
Dodging        | |  2.6

Action                   |  1- 3 |  4- 6 || total
-------------------------+-------+-------++-------
Melee: Mace              |    19 |       ||    19
       Spear             |   113 |   195 ||   308
       Tailslap          |     7 |    26 ||    33
Invok: Berserk           |     1 |     2 ||     3
       Trog's Hand       |       |     2 ||     2
 Stab: Sleeping          |       |     1 ||     1
  Eat: Chunk             |     1 |     5 ||     6
       Ration            |       |     1 ||     1
Armor: Skin              |    43 |    82 ||   125
Dodge: Dodged            |    89 |   146 ||   235

Vault maps used:
D:1:      dpeg_arrival_erosion
D:2:      lemuel_doored_altar, first_ration, uniq_robin
D:4:      hangedman_ru_absence, serial_shops, nicolae_shop_overgrown_old_shop,
          minmay_crystal_room, minmay_misc_feat_x, uniq_edmund, uniq_natasha

Table legend:
 A = Turns spent in this place as a percentage of turns spent in the entire game.
 B = Non-inter-level travel turns spent in this place as a percentage of non-inter-level travel turns spent in the entire game.
 C = Inter-level travel turns spent in this place as a percentage of turns spent in this place.
 D = Turns resting spent in this place as a percentage of non-inter-level travel turns spent in this place.
 E = Turns spent auto-exploring this place as a percentage of non-inter-level travel turns spent in this place.
 F = Non-inter-level travel turns spent in this place divided by the number of levels of this place that you've seen.
                   A       B       C       D       E      F
               +-------+-------+-------+-------+-------+----------------------
         Total | 100.0 | 100.0 |   3.2 |   0.0 |  74.4 | 572.8
       Dungeon | 100.0 | 100.0 |   3.2 |   0.0 |  74.4 | 572.8
               +-------+-------+-------+-------+-------+----------------------

Table legend:
 A = Kills in this place as a percentage of kills in entire the game.
 B = Kills by you in this place as a percentage of kills by you in the entire game.
 C = Kills by friends in this place as a percentage of kills by friends in the entire game.
 D = Other kills in this place as a percentage of other kills in the entire game.
 E = Experience gained in this place as a percentage of experience gained in the entire game.
 F = Experience gained in this place divided by the number of levels of this place that you have seen.
                   A       B       C       D       E      F
               +-------+-------+-------+-------+-------+----------------------
         Total | 100.0 | 100.0 |   N/A |   N/A | 100.0 | 134.0
       Dungeon | 100.0 | 100.0 |   N/A |   N/A | 100.0 | 134.0
               +-------+-------+-------+-------+-------+----------------------
